 Dungeon Crawl Stone Soup version 0.20.1-1-g8b1a95d (webtiles) character file.

184 vishdafish the Shield-Bearer (level 5, -2/34 HPs)
             Began as a Gargoyle Fighter on July 6, 2017.
             Slain by an ogre
             ... wielding a +0 giant club
              (13 damage)
             ... on level 4 of the Dungeon.
             The game lasted 00:04:03 (2303 turns).

vishdafish the Shield-Bearer (Gargoyle Fighter)     Turns: 2303, Time: 00:04:04

Health: -2/34      AC: 11    Str: 20    XL:     5   Next: 64%
Magic:  5/5        EV:  7    Int:  9    God:
Gold:   139        SH:  9    Dex:  9    Spells: 4/4 levels left

rFire    . . .     SeeInvis .   a - +0 trident
rCold    + . .     Gourm    .   c - +0 shield
rNeg     + . .     Faith    .   b - +0 scale mail
rPois    ∞         Spirit   .   (no helmet)
rElec    +         Reflect  .   (no cloak)
rCorr    .         Harm     .   (no gloves)
MR       .....                  (no boots)
Stlth    ..........             (no amulet)
Regen    0.2/turn               (no ring)
MPRegen  0.1/turn               (no ring)

@: no status effects
A: cold resistance 1, high mp 1, negative energy resistance 1, electricity
resistance, unbreathing, petrification resistance, rot immunity, AC +4
a: no special abilities


You were on level 4 of the Dungeon.
You were not hungry.

You visited 1 branch of the dungeon, and saw 4 of its levels.

You collected 139 gold pieces.

Inventory:

Hand Weapons
 a - a +0 trident (weapon)
Armour
 b - a +0 scale mail (worn)
 c - a +0 shield (worn)
Wands
 d - a wand of scattershot (1/9)
Scrolls
 e - 6 scrolls of identify {unknown}
 g - a scroll of enchant armour {unknown}
 k - a scroll of noise {unknown}
 l - 3 scrolls of fog {unknown}
 p - 2 scrolls of teleportation {unknown}
 q - a scroll of magic mapping {unknown}
Potions
 i - a potion of curing {unknown}
 j - a potion of agility {unknown}
 n - a potion of haste {unknown}
Comestibles
 f - 2 bread rations
 m - a meat ration
 o - 2 royal jellies


   Skills:
 + Level 4.3 Fighting
 * Level 3.4 Polearms
 + Level 3.7 Armour
 - Level 0.1 Dodging
 + Level 4.4 Shields


You had 4 spell levels left.
You didn't know any spells.

Dungeon Overview and Level Annotations

Branches:
Dungeon (4/15)
 Temple: D:4-7

Altars:
Uskayaw


Innate Abilities, Weirdness & Mutations

You are resistant to torment.
Your stone body is resilient. (AC +4)
You are immune to poison.
You resist negative energy. (rN+)
You are resistant to electric shocks. (rElec)
You can survive without breathing.
You are immune to petrification.
You are immune to rotting.
Your flesh is cold resistant. (rC+)
You have an increased reservoir of magic. (+10% MP)


Message History

You block the ogre's attack.
You hit the ogre but do no damage.
The ogre is heavily wounded.
The ogre hits you with a giant club.
You barely miss the ogre.
The ogre is heavily wounded.
You block the ogre's attack.
Your shield and scale mail prevent you from hitting the ogre.
The ogre is heavily wounded.
The ogre hits you with a giant club!
You hit the ogre.
The ogre is heavily wounded.
The ogre hits you with a giant club!
You hit the ogre.
The ogre is severely wounded.
The ogre barely misses you.
You barely miss the ogre.
The ogre is severely wounded.
The ogre hits you with a giant club!
You die...

#.. ## # #....##
#. .....
##.......
#...♣.♣.♣#♣ ..
.......# ..
♣O♣.♣.♣#.# # #.
#.@...%..#
#.##.#♣.♣.♣.♣..#
##..............#
...>...♣.♣.♣#♣###
..###.#...#
###.####.....###
...............?
###.####.#.#####
.........(.#


You could see an ogre.

Vanquished Creatures
  Ijyb (D:3)
  7 adders
  3 worms
  3 dart slugs
  4 leopard geckos
  3 orcs (D:3)
  4 ball pythons
  4 giant cockroaches
  6 goblins
  5 hobgoblins
  4 jackals (D:3)
  A quokka (D:2)
  11 bats
  6 frilled lizards
  9 kobolds
  11 rats
82 creatures vanquished.

Notes
Turn   | Place    | Note
-------+----------+-------------------------------------------
     0 | D:1      | vishdafish the Gargoyle Fighter began the quest for the Orb.
     0 | D:1      | Reached XP level 1. HP: 14/14 MP: 1/1
   126 | D:1      | Reached XP level 2. HP: 16/19 MP: 2/2
   510 | D:2      | Reached XP level 3. HP: 24/24 MP: 3/3
  1023 | D:2      | Reached XP level 4. HP: 24/29 MP: 4/4
  1676 | D:3      | Reached XP level 5. HP: 33/33 MP: 5/5
  1710 | D:3      | Found a faded altar of an unknown god.
  1725 | D:3      | Became a worshipper of Uskayaw the Reveler
  1725 | D:3      | Reached * piety under Uskayaw
  1889 | D:3      | Noticed Ijyb
  1907 | D:3      | Killed Ijyb
  1907 | D:3      | Reached ** piety under Uskayaw
  2059 | D:3      | Fell from the grace of Uskayaw
  2293 | D:4      | Noticed an ogre
  2295 | D:4      | Gained mutation: Your flesh is cold resistant. (rC+) [potion of mutation]
  2295 | D:4      | Gained mutation: You have an increased reservoir of magic. (+10% MP) [potion of mutation]
  2303 | D:4      | Slain by an ogre

Skill      XL: |  1  2  3  4  5 |
---------------+----------------+-----
Polearms       | 2 3 |  3.4
Shields        | 4 |  4.4
Fighting       | 4 |  4.3
Armour         | |  3.7
Dodging        | |  0.1

Action                   |  1- 3 |  4- 6 || total
-------------------------+-------+-------++-------
Melee: Trident           |   207 |   159 ||   366
Invok: Renounce Religion |       |     1 ||     1
  Use: Potion            |       |     2 ||     2
  Eat: Chunk             |       |     5 ||     5
Armor: Scale mail        |   129 |    49 ||   178
Dodge: Dodged            |    60 |    32 ||    92
Block: Shield            |   115 |    71 ||   186
